 Dungeon Crawl Stone Soup version 0.30-b1-6-gad0e9d6a2d (webtiles) character file.

Game seed: 3901443886013876566

86 Mysteryquy the Chopper (level 4, -3/41 HPs)
             Began as a Minotaur Berserker on May 5, 2023.
             Was a Follower of Trog.
             Slain by Crazy Yiuf
             ... wielding a +3 quarterstaff of chaos
              (9 damage)
             ... on level 2 of the Dungeon.
             The game lasted 00:01:22 (1679 turns).

Mysteryquy the Chopper (Minotaur Berserker)         Turns: 1679, Time: 00:01:22

Health: -3/41      AC:  8    Str: 24    XL:     4   Next: 26%
Magic:  2/3        EV:  9    Int:  4    God:    Trog [*.....]
Gold:   116        SH:  0    Dex:  9    Spells: 3/3 levels left

rFire   . . .        a - +0 hand axe
rCold   . . .        (no shield)
rNeg    . . .        q - +0 chain mail
rPois   .            (helmet restricted)
rElec   .            (no cloak)
rCorr   .            (no gloves)
SInv    .            (no boots)
Will    .....        (no amulet) Stlth
                     (no ring)
HPRegen 0.26/turn    (no ring)
MPRegen 0.08/turn

%: no passive effects
@: no status effects
A: horns 2, retaliatory headbutt
a: Renounce Religion, Berserk


You were on level 2 of the Dungeon.
You worshipped Trog.
Trog was aware of your devotion.
You visited 1 branch of the dungeon, and saw 3 of its levels.

You collected 116 gold pieces.

Inventory:

Hand Weapons
 a - a +0 hand axe (weapon)
Armour
 b - a +0 animal skin
 q - a +0 chain mail (worn)
Jewellery
 j - an amulet of magic regeneration
Scrolls
 e - a scroll of silence {unknown}
 f - 3 scrolls of identify {unknown}
 h - 4 scrolls of immolation {unknown}
 i - a scroll of blinking {unknown}
 m - 3 scrolls of enchant weapon {unknown}
 o - 2 scrolls of teleportation {unknown}
 r - a scroll of fear {unknown}
Potions
 c - a potion of brilliance {unknown}
 d - a potion of flight {unknown}
 g - a potion of degeneration {unknown}
 k - a potion of berserk rage {unknown}
 l - 2 potions of heal wounds {unknown}
 n - a potion of curing
 p - a potion of haste {unknown}


   Skills:
 + Level 4.6 Fighting
 + Level 4.8 Axes
 + Level 2.7 Armour
 + Level 2.8 Dodging
 + Level 0.3 Stealth


You had 3 spell levels left.
You didn't know any spells.
Your spell library was empty.

Dungeon Overview and Level Annotations

Branches:
Dungeon (3/15)

Altars:

Shops:
D:1 *

Annotations:
D:2 Crazy Yiuf


Innate Abilities, Weirdness & Mutations

You have a pair of horns on your head.
You reflexively headbutt those who attack you in melee.


Message History

Trog accepts your kill.
No target in view!
No target in view!
You now have 116 gold pieces (gained 19).
Crazy Yiuf shouts!
Could not explore, unopened runed door.
No reachable target in view!
You open the door.
You fail to use your ability.
Crazy Yiuf hits you with a +3 quarterstaff of chaos.
You are poisoned.
You hit Crazy Yiuf. Your headbutt misses Crazy Yiuf.
Crazy Yiuf is moderately wounded.
You feel sick.
Crazy Yiuf hits you with a +3 quarterstaff of chaos!
Crazy Yiuf freezes you.
You hit Crazy Yiuf but do no damage.
Crazy Yiuf is moderately wounded.
You feel sick. Crazy Yiuf barely misses you. You furiously retaliate!
You headbutt Crazy Yiuf. You slash Crazy Yiuf!
Crazy Yiuf is severely wounded.
You feel sick.
Crazy Yiuf hits you with a +3 quarterstaff of chaos.
You hit Crazy Yiuf but do no damage. You headbutt Crazy Yiuf.
Crazy Yiuf is almost dead.
You feel sick.
Crazy Yiuf drinks a potion.
Crazy Yiuf is healed!
Crazy Yiuf hits you with a +3 quarterstaff of chaos.
You feel your power leaking away.
You hit Crazy Yiuf.
Crazy Yiuf is severely wounded.
You feel sick.
Crazy Yiuf hits you with a +3 quarterstaff of chaos!
* * * LOW HITPOINT WARNING * * *
You hit Crazy Yiuf but do no damage.
Crazy Yiuf is severely wounded.
You feel sick.
You are no longer poisoned.
Crazy Yiuf hits you with a +3 quarterstaff of chaos!
You die...

..........>############..#
.####..###.# ##.##
.####..# #.# #..#
.#.....##### ##.#
.#.##.##.# #.## .#..#....#
♣♣♣♣♣##..# .#.....### ###
♣♣♣.♣...##.# ###.#..#
#...#♣..♣.......# ....#..#
#...g@♣♣♣♣......# #...#..#
#)..#♣♣ ♣♣..#.## #.#.#..#
### ♣♣#### #.#.#..###
#...#..#.# ).#.#..#.####
.##.#..#....#
....#..#....#
#####..#....#


You could see Crazy Yiuf.

Vanquished Creatures
  Terence (D:2)
  A gnoll (D:1)
  3 adders
  4 ball pythons
  2 bats (D:1)
  3 endoplasms
  A giant cockroach (D:1)
  4 goblins
  3 hobgoblins
  A jackal (D:1)
  2 kobolds
  A frilled lizard (D:1)
  2 rats (D:2)
28 creatures vanquished.

Notes
Turn   | Place    | Note
-------+----------+-------------------------------------------
     0 | D:1      | Mysteryquy the Minotaur Berserker began the quest for the
                  | Orb.
     0 | D:1      | Reached XP level 1. HP: 19/19 MP: 0/0
    55 | D:1      | Reached XP level 2. HP: 27/27 MP: 1/1
   102 | D:1      | Found Saeroune's General Store.
   841 | D:2      | Reached XP level 3. HP: 31/33 MP: 2/2
  1032 | D:2      | Found a runed translucent door.
  1033 | D:2      | Noticed Crazy Yiuf
  1269 | D:2      | Noticed Terence
  1273 | D:2      | Killed Terence
  1274 | D:2      | You fall into a shaft and drop 1 floor!
  1422 | D:3      | Reached XP level 4. HP: 32/41 MP: 3/3
  1679 | D:2      | Slain by Crazy Yiuf

Illustrated notes

Levels and vault maps discovered:
D:1:      dpeg_arrival_line_fractal, layout_basic, serial_shops,
          nicolae_shop_waterfront, minmay_strange_pillars,
          kennysheep_decorative_pillar, minmay_tetromino_o4
D:2:      layout_basic, uniq_terence, uniq_crazy_yiuf_cottage
D:3:      wad_crossroads, layout_basic, cheibrodos_worm_habitat

Skill      XL: |  1  2 |
---------------+-------+-----
Axes           | 4 |  4.8
Fighting       | 4 |  4.6
Armour         | |  2.7
Dodging        | |  2.8
Stealth        | |  0.3

Action                     |  1- 3 |  4- 6 || total
---------------------------+-------+-------++-------
  Melee: Hand axe          |    49 |    13 ||    62
         Headbutt          |     4 |     2 ||     6
         Punch             |     1 |       ||     1
 Invoke: Berserk           |     1 |       ||     1
 Armour: Animal skin       |     5 |       ||     5
         Chain mail        |     7 |     4 ||    11
  Dodge: Dodged            |    34 |     3 ||    37
